 Dungeon Sprint DCSS version 0.29.1-15-g9cfb28693d (webtiles) character file.

Game seed: 6234476137967306407

900000 Nonny the Deadly Accurate (level 11, -1/72 HPs)
             Began as a Djinni Wanderer on Feb 26, 2023.
             Was a Follower of Makhleb.
             Slain by a meat berserker
             ... wielding a +9 battleaxe
              (31 damage)
             ... in the Dungeon (Sprint VIII: "Arena of Blood").
             The game lasted 00:00:23 (9 turns).

Nonny the Deadly Accurate (Djinni Wanderer)            Turns: 9, Time: 00:00:24

Health: -1/72      AC:  3    Str: 12    XL:     11   Next: 25%
Gold:   0          EV: 10    Int: 11    God:    Makhleb [*.....] SH:  0 Dex: 19

rFire   + + .      SeeInvis .   k - +∞ Axe of Woe
rCold   x . .      Faith    .   (shield currently unavailable)
rNeg    . . .      Spirit   .   f - +0 leather armour
rPois   ∞          Reflect  .   (no helmet)
rElec   .          Harm     .   (no cloak)
rCorr   .          Rampage  .   (no gloves)
Will    +....      NoTele   +   (boots unavailable)
Stlth   ++........              (no amulet)
HPRegen 0.22/turn               (no ring)
MPRegen 0.00/turn               (no ring)

@: flying
A: sickness immunity, fire resistance 2, cold vulnerability 1, float, innate
caster, HP casting, extra vitality 1
a: Renounce Religion


You were in the Dungeon.
You worshipped Makhleb.
Makhleb was aware of your devotion.
You visited 1 branch

Inventory:

Hand Weapons
 a - a +2 dagger
 c - a +0 mace
 k - the +∞ Axe of Woe (weapon)
   (You found it in the Dungeon)
Missiles
 b - 4 curare-tipped darts (quivered)
Armour
 f - a +0 leather armour (worn)
Scrolls
 d - a scroll of fog
 j - a scroll of blinking
Potions
 e - 2 potions of heal wounds
 g - a potion of curing
 h - a potion of haste
 i - a potion of berserk rage


   Skills:
 + Level 3.7 Fighting
 + Level 3.6(4.5) Axes
 + Level 4.0(4.7) Maces & Flails
 + Level 20.6 Throwing
 + Level 2.4 Stealth
 + Level 2.6 Evocations


You couldn't memorise any spells.
You knew the following spells:

 Your Spells              Type           Power      Damage    Failure   Level
a - Sting                 Tmut/Pois      0%         1d3       41%         1
b - Scorch                Fire           0%         2d5       56%         2
c - Portal Projectile     Hex/Tloc       0%         N/A       80%         3
d - Airstrike             Air            0%         2d(0-16)  99%         4
e - Corpse Rot            Necr/Pois/Air  0%         N/A       99%         4
Your spell library was empty.

Dungeon Overview and Level Annotations

Branches:
Dungeon (1/1)

Altars:
Makhleb


Innate Abilities, Weirdness & Mutations

You are immune to sickness and miasma.
You are immune to poison.
Your flesh is very heat resistant. (rF++)
You are vulnerable to cold. (rC-)
You float through the air rather than walking.
You learn spells naturally, not from books.
Your magical power is your life essence.
You have superior vitality. (+4 MHP)


Message History

You have reached level 9!
Your experience leads to an increase in your attributes!
Increase (S)trength, (I)ntelligence, or (D)exterity?
You feel agile. x2
The power to cast Airstrike wells up from within.
Spell assigned to 'd'.
You have reached level 10!
You have reached level 11!
The power to cast Corpse Rot wells up from within.
Spell assigned to 'e'.
Unknown command.
Unknown command.
Unknown command.
Unknown command.
You hear a shout! x3
The meat berserker rages.
You hear a shout! x6
A meat berserker comes into view. It is wielding a +9 battleaxe.
You hear a shout!
The meat berserker hits you with a +9 battleaxe!!!
Ouch! That really hurt!
* * * LOW HITPOINT WARNING * * *
You hear a shout!
Things that are here:
a +9 war axe; a +30 ring of slaying; a bag of meat corpse Unknown command.
You slash the meat berserker!
You pulverise the meat berserker into a thin bloody mist.
You kill the meat berserker!
Makhleb accepts your kill.
You can now gain health from killing.
You slash the meat berserker!
You fatally mangle the meat berserker.
You kill the meat berserker!
Makhleb accepts your kill.
You feel better.
The meat berserker appears out of thin air!
A meat berserker comes into view. It is wielding a +9 battleaxe.
The meat berserker shouts!
You hear a shout! x7
A bag of meat comes into view. It is wielding a +9 war axe.
The meat berserker hits you with a +9 battleaxe!!
You die...

.......o....
.........O.
.........O.
..........
#......o#
#......o# ..
.###......O###....
......###.@.......
......._.)).......
....#.....#.......
. #_.<._#.......
#.....#......#
....._..........
......###.........
.###.. ...###....
#.. ...#


You could see 3 meat berserkers and 3 bags of meat.

Vanquished Creatures
  2 ogres (D)
  An orc (D)
3 creatures vanquished.

Notes
Turn   | Place    | Note
-------+----------+-------------------------------------------
     0 | D        | Found the +∞ Axe of Woe
     0 | D        | Nonny the Djinni Wanderer began the quest for the Orb.
     0 | D        | Nonny set off with the following items: a +2 dagger, 4
                  | curare-tipped darts, a +0 mace, a scroll of fog, 2 potions
                  | of heal wounds, a +0 leather armour, a potion of curing, a
                  | potion of haste, a potion of berserk rage, a scroll of
                  | blinking.
     0 | D        | Reached XP level 1. HP: 17/17 MP: 0/0
     2 | D        | Noticed a bag of meat
     3 | D        | Became a worshipper of Makhleb the Destroyer
     4 | D        | Noticed a bag of meat
     5 | D        | Noticed a meat berserker
     5 | D        | Noticed a meat berserker
     5 | D        | Noticed a meat berserker
     6 | D        | Noticed a bag of meat
     7 | D        | Killed a bag of meat
     8 | D        | Reached skill level 20 in Throwing
     8 | D        | Reached XP level 2. HP: 26/26 MP: 0/0
     8 | D        | Reached XP level 3. HP: 31/31 MP: 0/0
     8 | D        | Learned a level 1 spell: Sting
     8 | D        | Reached XP level 4. HP: 37/37 MP: 0/0
     8 | D        | Reached XP level 5. HP: 41/41 MP: 0/0
     8 | D        | Learned a level 2 spell: Scorch
     8 | D        | Reached XP level 6. HP: 47/47 MP: 0/0
     8 | D        | Reached XP level 7. HP: 51/51 MP: 0/0
     8 | D        | Learned a level 3 spell: Portal Projectile
     8 | D        | Reached XP level 8. HP: 58/58 MP: 0/0
     8 | D        | Reached XP level 9. HP: 62/62 MP: 0/0
     8 | D        | Learned a level 4 spell: Airstrike
     8 | D        | Reached XP level 10. HP: 67/67 MP: 0/0
     8 | D        | Reached XP level 11. HP: 72/72 MP: 0/0
     8 | D        | Learned a level 4 spell: Corpse Rot
     8 | D        | Noticed a meat berserker
     8 | D        | HP: 1/72 [meat berserker/+9 battleaxe (71)]
     9 | D        | Killed a meat berserker
     9 | D        | Reached * piety under Makhleb
     9 | D        | Killed a meat berserker
     9 | D        | Noticed a meat berserker
     9 | D        | Noticed a bag of meat
     9 | D        | Slain by a meat berserker

Illustrated notes

Levels and vault maps discovered:
D:        meatsprint

Skill      XL: |  1 |
---------------+----+-----
Fighting       | 3 |  3.7
Axes           | 3 |  3.6
Maces & Flails | 4 |  4.0
Throwing       | 20 | 20.6
Stealth        | 2 |  2.4
Evocations     | 2 |  2.6

Action                   |  1- 3 |  4- 6 |  7- 9 | 10-12 || total
-------------------------+-------+-------+-------+-------++-------
Melee: Executioner's axe |     1 |       |       |     1 ||     2
